 Dungeon Crawl Stone Soup version 0.30.0-13-g156ef70053 (webtiles) character file.

Game seed: 2726164670250805431

24 Esekla the Slasher (level 3, -4/21 HPs)
             Began as a Tengu Warper on May 17, 2023.
             Killed from afar by an orc wizard (6 damage)
             ... with a magic dart
             ... on level 2 of the Dungeon.
             The game lasted 00:05:01 (1018 turns).

Esekla the Slasher (Tengu Warper)                   Turns: 1018, Time: 00:05:01

Health: -4/21      AC:  3    Str: 15    XL:     3   Next: 2%
Magic:  7/7        EV: 12    Int: 14    God:
Gold:   57         SH:  5    Dex: 12    Spells: 4/6 levels left

rFire   . . .        a - +0 falchion
rCold   . . .        (no shield)
rNeg    . . .        b - +0 leather armour
rPois   .            (helmet restricted)
rElec   .            (no cloak)
rCorr   .            (no gloves)
SInv    .            (boots unavailable)
Will    .....        j - amulet of reflection
Stlth   +            (no ring)
HPRegen 0.23/turn    (no ring)
MPRegen 0.10/turn

%: reflection
@: no status effects
A: beak, talons 3, strong 1
a: no special abilities


You were on level 2 of the Dungeon.
You visited 1 branch of the dungeon, and saw 2 of its levels.

You collected 57 gold pieces.

Inventory:

Hand Weapons
 a - a +0 falchion (weapon)
 h - a +0 spear
Missiles
 d - 7 boomerangs of dispersal (quivered)
Armour
 b - a +0 leather armour (worn)
Jewellery
 j - an amulet of reflection (around neck)
Scrolls
 c - a scroll of blinking
 g - a scroll of amnesia {unknown}
 k - a scroll of fear {unknown}
 l - a scroll of butterflies {unknown}
 m - a scroll of silence {unknown}
 o - a scroll of immolation {unknown}
 p - a scroll of identify {unknown}
Potions
 e - a potion of attraction {unknown}
 n - 2 potions of mutation


   Skills:
 * Level 2.3 Fighting
 * Level 2.6 Long Blades
 + Level 1.0 Throwing
 * Level 1.5 Armour
 * Level 2.5 Dodging
 * Level 2.0 Spellcasting
 * Level 0.3 Conjurations
 + Level 2.5 Translocations
 * Level 0.3 Poison Magic


You had 4 spell levels left.
You knew the following spells:

 Your Spells              Type           Power      Damage    Failure   Level
b - Blink                 Tloc           16%        N/A       16%         2

Your spell library contained the following spells:

 Spells                   Type           Power      Damage    Failure   Level
 Lesser Beckoning         Tloc           16%        N/A       16%         2
 Magic Dart               Conj           8%         1d3       26%         1
 Teleport Other           Tloc           8%         N/A       30%         3
 Call Imp                 Summ           2%         N/A       41%         2
 Vhi's Electric Charge    Tloc/Air       8%         N/A       45%         3
 Mephitic Cloud           Conj/Pois/Air  1%         N/A       63%         3
 Manifold Assault         Tloc           8%         N/A       71%         4


Dungeon Overview and Level Annotations

Branches:
Dungeon (2/15)

Altars:


Innate Abilities, Weirdness & Mutations

You have a beak for a mouth.
You have claws for feet.
Your muscles are strong. (Str +4, Int/Dex -1)


Message History

Found a spear.
The orc priest shouts!
The adder hisses angrily.
The orc wizard points at you and mumbles some strange words.
You are confused.
A giant cockroach comes into view.
A jackal comes into view.
It was a potion of mutation.
You feel extremely strange.
You feel stronger.
The jackal barks!
The orc wizard hits you with a +0 dagger.
You hit the orc wizard. You claw the orc wizard.
Your peck misses the orc wizard.
The orc wizard is heavily wounded.
The orc wizard hits you with a +0 dagger.
The orc wizard gestures wildly while chanting.
The orc wizard flickers and vanishes!
Deactivating autopickup; reactivate with Ctrl-A.
A jackal comes into view.
The jackal barks!
You hit the orc wizard but do no damage.
Your kick misses the orc wizard. Your peck misses the orc wizard.
The orc wizard is heavily wounded.
The orc wizard hits you but does no damage.
You're too confused to move!
The orc wizard hits you with a +0 dagger.
It was a potion of might.
You feel very mighty all of a sudden.
The orc priest invokes the aid of Beogh against you.
Beogh smites you!
Ouch! That really hurt!
* * * LOW HITPOINT WARNING * * *
The orc wizard gestures at you while chanting.
You resist with significant effort.
Unknown command.
It was a potion of cancellation.
Your magical effects are unravelling.
You feel magically purged.
You feel less confused.
You feel a little less mighty now.
The orc wizard points at you and mumbles some strange words.
The magic dart hits you.
You die... .# .# #...... .# .)... ## ..... # Boh o{o

#S# ##########o#
#.......##@#
#.#####.##.# # #.#
#.##.# # #[#
#.##.# #######.#
#....#
........#####.####
#######.......#
#########


You could see an orc priest, an orc wizard, an adder, 2 orcs, a jackal and a
giant cockroach.

Vanquished Creatures
  A bat (D:2)
  An endoplasm (D:2)
  2 goblins (D:1)
  7 hobgoblins
  3 ball pythons
  2 frilled lizards (D:1)
  2 kobolds
  3 rats
21 creatures vanquished.

Notes
Turn   | Place    | Note
-------+----------+-------------------------------------------
     0 | D:1      | Esekla the Tengu Warper began the quest for the Orb.
     0 | D:1      | Reached XP level 1. HP: 12/12 MP: 4/4
   337 | D:1      | Reached XP level 2. HP: 17/17 MP: 6/6
   364 | D:1      | Learned a level 2 spell: Blink
   966 | D:2      | Reached XP level 3. HP: 21/21 MP: 7/7
  1013 | D:2      | Gained mutation: Your muscles are strong. (Str +4, Int/Dex
                  | -1) [potion of mutation]
  1018 | D:2      | Killed from afar by an orc wizard

Illustrated notes

Levels and vault maps discovered:
D:1:      dpeg_arrival_snail, layout_basic, minmay_misc_feat_chi
D:2:      layout_loops_cross, basic_altar, minmay_joined_circles

Action                     || total
---------------------------++-------
  Melee: Falchion          ||    64
         Peck              ||     7
         Kick              ||    12
    Use: Potion            ||     3
 Armour: Leather armour    ||    11
  Dodge: Dodged            ||    40
  Block: Other             ||     9
